 Dungeon Crawl Stone Soup version 0.25-a0-398-g1920f1ac21 (webtiles) character file.

Game seed: 13518669987568831663, levelgen mode: deterministic

31 PentaManta the Cudgeler (level 3, -2/19 HPs)
             Began as a Vine Stalker Fighter on Jan 8, 2020.
             Slain by Natasha (5 damage)
             ... on level 2 of the Dungeon.
             The game lasted 00:01:25 (603 turns).

PentaManta the Cudgeler (Vine Stalker Fighter)       Turns: 603, Time: 00:01:25

Health: -2/19      AC:  6    Str: 19    XL:     3   Next: 22%
Magic:  0/4        EV:  7    Int:  8    God:
Gold:   45         SH:  9    Dex: 13    Spells: 2/2 levels left

rFire    . . .     SeeInvis .   i - +0 whip
rCold    . . .     Gourm    .   c - +0 shield
rNeg     . . .     Faith    .   b - +0 scale mail
rPois    .         Spirit   +   (no helmet)
rElec    .         Reflect  .   (no cloak)
rCorr    .         Harm     .   (no gloves)
MR       .....                  (no boots)
Stlth    ..........             (no amulet)
HPRegen  0.06/turn              (no ring)
MPRegen  0.09/turn              (no ring)

@: no status effects
A: fangs 2, magic shield, antimagic bite, no potion heal 3, rot immunity
a: no special abilities


You were on level 2 of the Dungeon.
You were not hungry.

You visited 1 branch of the dungeon, and saw 2 of its levels.

You collected 45 gold pieces.

Inventory:

Hand Weapons
 a - a +0 flail
 e - a +0 dagger
 i - a +0 whip (weapon)
Armour
 b - a +0 scale mail (worn)
 c - a +0 shield (worn)
Scrolls
 h - a scroll of identify {unknown}
 k - a scroll of fog {unknown}
 m - a scroll of remove curse {unknown}
Potions
 d - a potion of might
 g - a potion of mutation {unknown}
 j - a potion of flight {unknown}
 l - 2 potions of heal wounds {unknown}
Comestibles
 f - 9 rations


   Skills:
 - Level 2.6 Fighting
 + Level 3.2 Maces & Flails
 - Level 2.4 Armour
 - Level 2.6 Shields


You had 2 spell levels left.
You didn't know any spells.
Your spell library was empty.

Dungeon Overview and Level Annotations

Branches:
Dungeon (2/15)

Altars:

Annotations:
D:2 Natasha


Innate Abilities, Weirdness & Mutations

You have extremely sharp teeth.
When hurt, damage is shared between your health and your magic reserves.
Your bite disrupts and absorbs the magic of your enemies.
Potions cannot restore your health.
You are immune to rotting.


Message History

Unknown command.
You hit Natasha.
Natasha is moderately wounded.
Natasha mumbles some strange words.
You hit Natasha but do no damage. You bite Natasha, but do no damage.
Natasha is moderately wounded.
Natasha claws you.
You hit Natasha.
Natasha is moderately wounded.
Natasha claws you. The crimson imp hits you.
You barely miss Natasha.
Natasha is moderately wounded.
Natasha stares at you and mumbles some strange words.
The magic dart hits you!
* * * LOW HITPOINT WARNING * * *
The crimson imp hits you but does no damage.
You hit Natasha but do no damage.
Natasha is moderately wounded.
Natasha claws you.
You die...

....(.#..
..#..!..>...###
............#).
#............
.#..........#
............#######
.#.$.......<.......
...........<......#
#....@...######..
#.....h5.........
#..........#####.
#..........#
#..........#
#..........#
##........##
##......##


You could see Natasha and a crimson imp.

Vanquished Creatures
  A dart slug (D:1)
  A giant cockroach (D:1)
  6 goblins (D:1)
  2 hobgoblins (D:1)
  7 kobolds (D:1)
  A ball python (D:1)
  A bat (D:1)
  2 frilled lizards (D:1)
  7 rats (D:1)
28 creatures vanquished.

Notes
Turn   | Place    | Note
-------+----------+-------------------------------------------
     0 | D:1      | PentaManta the Vine Stalker Fighter began the quest for the
                  | Orb.
     0 | D:1      | Reached XP level 1. HP: 11/11 MP: 2/2
    39 | D:1      | Reached skill level 2 in Maces & Flails
    47 | D:1      | Reached XP level 2. HP: 15/16 MP: 3/3
   314 | D:1      | Reached skill level 3 in Maces & Flails
   333 | D:1      | Reached XP level 3. HP: 15/19 MP: 2/4
   593 | D:2      | Noticed Natasha
   603 | D:2      | Slain by Natasha

Levels and vault maps discovered:
D:1:      lightli_arrival_windingriver, layout_basic
D:2:      layout_rooms, marbit_many_paths, first_ration, uniq_natasha

Skill      XL: |  1  2 |
---------------+-------+-----
Maces & Flails | 2 3 |  3.2
Fighting       | |  2.6
Armour         | |  2.4
Shields        | |  2.6

Action                   || total
-------------------------++-------
Melee: Flail             ||    14
       Bite              ||    20
       Dagger            ||    29
       Whip              ||    36
Armor: Scale mail        ||    38
Dodge: Dodged            ||    19
Block: Shield            ||    39

Table legend:
 A = Non-vault XP
 B = Vault XP
 C = Vault XP percentage of total XP
 D = Non-vault monster count
 E = Vault monster count
 F = Vault count percentage of total count
                 A         B        C        D         E       F
            +---------+---------+-------+---------+---------+-------
      Total |      45 |       0 |   0.0 |      28 |       0 |   0.0
            +---------+---------+-------+---------+---------+-------
        D:1 |      45 |       0 |   0.0 |      28 |       0 |   0.0
            +---------+---------+-------+---------+---------+-------
